[Event "ICC Open 2015"]
[Site "Internet Chess Club"]
[Date "2015.05.29"]
[Round "3"]
[White "want2win"]
[Black "TallTower"]
[Result "1-0"]
[ICCResult "Black forfeits on time"]
[WhiteElo "2363"]
[BlackElo "1759"]
[Opening "Scandinavian defense"]
[ECO "B01"]
[NIC "SD.03"]
[Time "19:35:19"]
[TimeControl "180+0"]

1. e4 d5 2. exd5 Nf6 3. Nc3 Nxd5 4. Nxd5 Qxd5 5. Nf3 Bg4 6. Be2 e6 7. O-O
Nc6 8. h3 Bh5 9. d3 O-O-O 10. Be3 Bc5 11. Qd2 Rhg8 12. Qc3 Bxe3 13. fxe3 g5
14. Nd4 Bxe2 15. Nxe2 f5 16. Qb3 Qd6 17. Kh1 g4 18. h4 g3 19. Nf4 Rde8 20.
Nh3 Rg4 21. Rf4 Reg8 22. Raf1 Qe7 23. Qa4 Qxh4 24. Qc4 Qe7 25. e4 fxe4 26.
Rxe4 Rxe4 27. Qxe4 e5 28. Rf3 Rf8 29. Kg1 Rxf3 30. Qxf3 Qg7 31. Qf5+ Kd8 32.
Ng5 Nd4 33. Qg4 h6 34. Ne6+ Nxe6 35. Qxe6 Qg5 36. Qd5+ Ke7 37. Qc5+ Kd7 38.
Kf1 Qf4+ 39. Ke2 b6 40. Qd5+ Kc8 41. Qe6+ Kb7 42. Qd5+ c6 43. Qd7+ Ka6 44.
Qxc6 Qf2+ 45. Kd1 Qf1+ 46. Kd2 Qf2+ 47. Kc3 Qd4+ 48. Kb3 Qc5 49. Qxc5 bxc5
50. Kc4 Kb6 51. Kd5 Kb5 52. Kxe5 c4 53. d4 Kb4 54. c3+ Kb5 55. d5
{Black forfeits on time}
1-0

[Event "ICC Open 2015"]
[Site "Internet Chess Club"]
[Date "2015.05.29"]
[Round "3"]
[White "HardAsfalt"]
[Black "DropZone"]
[Result "0-1"]
[ICCResult "White checkmated"]
[WhiteElo "1659"]
[BlackElo "2103"]
[Opening "Sicilian: O'Kelly variation"]
[ECO "B28"]
[NIC "SI.43"]
[Time "19:35:18"]
[TimeControl "180+0"]

1. e4 c5 2. Nf3 a6 3. Bc4 e6 4. a4 d6 5. Nc3 Nf6 6. Qe2 Be7 7. O-O O-O 8. d3
Nc6 9. Be3 d5 10. exd5 exd5 11. Ba2 d4 12. Bf4 dxc3 13. bxc3 Bg4 14. Kh1 Bd6
15. Bg5 h6 16. Bh4 Ne5 17. d4 cxd4 18. cxd4 Nxf3 19. gxf3 Re8 20. Qd3 Be6
21. c4 Be7 22. Bb1 g6 23. Rg1 Kf8 24. Rxg6 fxg6 25. Qxg6 Ng8 26. Bxe7+ Qxe7
27. d5 Bf7 28. Qf5 Qf6 29. Qxf6 Nxf6 30. h4 Re1+ 31. Kg2 Bg6 32. a5 Rxb1 33.
Ra3 Rc8 34. Rc3 Nxd5 35. Ra3 Rxc4 36. h5 Nf4+ 37. Kg3 Nxh5+ 38. Kg2 Nf4+ 39.
Kg3 Ne6 40. Re3 Kf7 41. f4 Rxf4 42. Rc3 Rb5 43. Kg2 Rg5+ 44. Kf1 Rgf5 45. f3
Rxf3+ 46. Rxf3 Rxf3+ 47. Kg1 Ra3 48. Kg2 Rxa5 49. Kg3 Rb5 50. Kg4 a5 51. Kh4
a4 52. Kg4 a3 53. Kh4 a2 54. Kg4 a1=Q 55. Kh4 Qf6+ 56. Kg3 Rb4 57. Kh3 Qf3+
58. Kh2 Rb2+ 59. Kg1 Qd1# {White checkmated} 0-1

[Event "ICC Open 2015"]
[Site "Internet Chess Club"]
[Date "2015.05.29"]
[Round "3"]
[White "santiagoelawad"]
[Black "akibael"]
[Result "1/2-1/2"]
[ICCResult "Black ran out of time and White has no material to mate"]
[WhiteElo "2044"]
[BlackElo "2417"]
[Opening "English: four knights, kingside fianchetto"]
[ECO "A29"]
[NIC "EO.02"]
[Time "19:35:10"]
[TimeControl "180+0"]

1. c4 e5 2. Nc3 Nf6 3. Nf3 Nc6 4. g3 Bb4 5. Nd5 Bc5 6. d3 h6 7. Bg2 d6 8.
O-O O-O 9. a3 a5 10. Nd2 Nxd5 11. cxd5 Ne7 12. Rb1 c6 13. b4 axb4 14. axb4
Ba7 15. dxc6 bxc6 16. Nc4 Rb8 17. Qa4 Qc7 18. Be3 Bxe3 19. Nxe3 Be6 20. Rfc1
Rfc8 21. b5 c5 22. Nc4 d5 23. b6 Qd8 24. b7 Rc7 25. Nxe5 Rcxb7 26. Qa2 Qd6
27. Nf3 d4 28. Qc2 Rxb1 29. Rxb1 Rxb1+ 30. Qxb1 Bd5 31. Nd2 Bxg2 32. Kxg2
Nd5 33. Ne4 Qc6 34. Qb8+ Kh7 35. Qe5 Nc3 36. Qxc5 Qxc5 37. Nxc5 Nxe2 38. Kf3
Nc3 39. Ne4 Nb5 40. Nc5 f5 41. Kf4 Kg6 42. Ke5 Nc3 43. Kxd4 Nd1 44. f3 Kf6
45. Nb3 Nf2 46. Ke3 Nd1+ 47. Ke2 Nc3+ 48. Kd2 Nd5 49. Nd4 f4 50. g4 Kg5 51.
Ne2 Kh4 52. d4 Kh3 53. Kd3 Kxh2 54. Ke4 Nf6+ 55. Kxf4 Kg2 56. Nc3 Kf2 57. d5
Nd7 58. Kf5 Kxf3 59. Ke6 Nc5+ 60. Kd6 Nb7+ 61. Kc7 Nc5 62. d6 Kxg4 63. Kc6
Ne6 64. d7 h5 65. Kd6 Nd8 66. Nb5 Nf7+ 67. Ke7 Ne5 68. d8=Q Nc6+ 69. Kd7
Nxd8 70. Kxd8 h4 71. Nd6 h3 72. Ne4
{Black ran out of time and White has no material to mate}
1/2-1/2

[Event "ICC Open 2015"]
[Site "Internet Chess Club"]
[Date "2015.05.29"]
[Round "3"]
[White "LMLLM"]
[Black "Nightlife"]
[Result "1/2-1/2"]
[ICCResult "Game drawn by repetition"]
[WhiteElo "2435"]
[BlackElo "1878"]
[Opening "QGD: Semi-Tarrasch, 5.cd"]
[ECO "D41"]
[NIC "TD.08"]
[Time "19:35:51"]
[TimeControl "180+0"]

1. d4 Nf6 2. c4 e6 3. Nc3 d5 4. Nf3 c5 5. cxd5 Nxd5 6. e4 Nxc3 7. bxc3 cxd4
8. cxd4 Bb4+ 9. Bd2 Bxd2+ 10. Qxd2 O-O 11. Bc4 Nc6 12. O-O b6 13. Rac1 Bb7
14. d5 Na5 15. dxe6 Nxc4 16. exf7+ Rxf7 17. Rxc4 Ba6 18. Rd4 Qe8 19. Rd1 Re7
20. Qe3 Bb7 21. Ng5 h6 22. Qb3+ Kh8 23. R1d3 Bxe4 24. Nxe4 Rxe4 25. Rxe4
Qxe4 26. Re3 Qg6 27. Rg3 Re8 28. h3 Qe6 29. Re3 Qd7 30. Rxe8+ Qxe8 31. Qc3
Qe7 32. Qc8+ Kh7 33. Qf5+ Kg8 34. Kh2 Qc7+ 35. g3 Qf7 36. Qc8+ Kh7 37. Qc2+
Qg6 38. Qc7 Qf5 39. f4 Qa5 40. Qc2+ Kg8 41. g4 Qd5 42. Qc8+ Kh7 43. Qc2+ Kg8
44. Kg3 b5 45. h4 a5 46. h5 b4 47. Qc8+ Kh7 48. Qc2+ Kg8 49. Qc8+ Kh7 50.
Qc2+ Kg8 {Game drawn by repetition} 1/2-1/2

[Event "ICC Open 2015"]
[Site "Internet Chess Club"]
[Date "2015.05.29"]
[Round "3"]
[White "depressnyak"]
[Black "shredded"]
[Result "1-0"]
[ICCResult "Black resigns"]
[WhiteElo "3242"]
[BlackElo "2732"]
[Opening "French: advance, Paulsen attack"]
[ECO "C02"]
[NIC "FR.03"]
[Time "19:35:40"]
[TimeControl "180+0"]

1. d4 e6 2. e4 d5 3. e5 c5 4. c3 Nc6 5. Nf3 Nh6 6. Bd3 f6 7. Bxh6 gxh6 8.
O-O cxd4 9. cxd4 Bg7 10. exf6 Qxf6 11. Bb5 O-O 12. Bxc6 bxc6 13. Nc3 Rb8 14.
Qd2 Bd7 15. Rfe1 Be8 16. Ne5 Qf4 17. Rad1 c5 18. Qxf4 Rxf4 19. dxc5 Rxb2 20.
Nd3 Bxc3 21. Nxf4 Bxe1 22. Rxe1 Rc2 23. Nxe6 Bf7 24. f3 Bxe6 25. Rxe6 Rxc5
26. Ra6 Rc2 27. Rxa7 d4 28. Rd7 Rxa2 29. Rxd4 Kg7 30. Rd5 Kg6 31. Rd6+ Kg7
32. h3 h5 33. Kh2 Ra4 34. Re6 h4 35. Kg1 Ra1+ 36. Kf2 Ra2+ 37. Re2 Ra3 38.
Re4 Ra2+ 39. Kg1 Kf6 40. Rxh4 Kg6 41. Rg4+ Kf5 42. Kh2 h5 43. Re4 Kg5 44.
Kg3 Kf5 45. h4 Kg6 46. Re5 Kh6 47. Rg5 Rb2 48. Re5 Rc2 49. Re6+ Kg7 50. Re4
Kg6 51. Rd4 Rb2 52. Rd6+ Kg7 53. Kh2 Rc2 54. Re6 Rb2 55. Re4 Kg6 56. Kg1 Ra2
57. Kf1 Kg7 58. Re2 Kg6 59. Rxa2 {Black resigns} 1-0

[Event "ICC Open 2015"]
[Site "Internet Chess Club"]
[Date "2015.05.29"]
[Round "3"]
[White "manta2"]
[Black "Chessbomb"]
[Result "0-1"]
[ICCResult "White forfeits on time"]
[WhiteElo "1300"]
[BlackElo "1848"]
[Opening "King's Indian: Averbakh system"]
[ECO "E73"]
[NIC "KI.26"]
[Time "19:35:46"]
[TimeControl "180+0"]

1. d4 Nf6 2. c4 g6 3. Nc3 Bg7 4. e4 d6 5. Be2 O-O 6. Bg5 h6 7. Be3 Nbd7 8.
Qd2 Kh7 9. h4 e5 10. d5 Nc5 11. f3 a5 12. g4 Ng8 13. g5 h5 14. O-O-O a4 15.
Nb5 Bd7 16. Bxc5 dxc5 17. Nc3 f5 18. exf5 gxf5 19. f4 e4 20. Bxh5 Ne7 21. d6
cxd6 22. Qxd6 Bc6 23. Qe6 Qc7 24. Nd5 Bxd5 25. cxd5 Qxf4+ 26. Kb1 Qe5 27.
Qxe5 Bxe5 28. d6 Nc6 29. d7 Nd4 {White forfeits on time} 0-1

[Event "ICC Open 2015"]
[Site "Internet Chess Club"]
[Date "2015.05.29"]
[Round "3"]
[White "manitodeplomo"]
[Black "Gambit101"]
[Result "1-0"]
[ICCResult "Black forfeits on time"]
[WhiteElo "2659"]
[BlackElo "3070"]
[Opening "QGD/QGD semi-Slav: Hastings variation"]
[ECO "D43"]
[NIC "QI.01"]
[Time "19:35:21"]
[TimeControl "180+0"]

1. d4 Nf6 2. c4 e6 3. Nf3 d5 4. Nc3 c6 5. Bg5 h6 6. Bxf6 Qxf6 7. Qb3 g6 8.
e4 dxe4 9. Nxe4 Qf4 10. Bd3 Bg7 11. Qa3 Bf8 12. Qc3 Bg7 13. Qa3 Bf8 14. Qc3
Na6 15. c5 f5 16. Ned2 Bg7 17. O-O O-O 18. Nc4 Nc7 19. Nce5 Nd5 20. Qc4 Bxe5
21. Nxe5 Qg5 22. Be2 Rd8 23. Bf3 Kg7 24. Rfe1 Qf6 25. Rad1 Nc7 26. g3 Bd7
27. Qb3 Rab8 28. Qa3 Nb5 29. Qe3 Be8 30. a4 Nc7 31. Nc4 Bf7 32. Nd6 Ne8 33.
Nc4 Nc7 34. b4 Ne8 35. Rd2 Rd7 36. Red1 Rbd8 37. Ne5 Re7 38. h4 Nc7 39. Qb3
Nd5 40. b5 cxb5 41. axb5 Bg8 42. Ra2 b6 43. c6 Nc7 44. Rad2 Qf8 45. Qb4 Ree8
46. Qxf8+ Rxf8 47. Rb2 Rfe8 48. Ra1 Ra8 49. Be2 Red8 50. Nf3 Kf6 51. Rba2 g5
52. Rxa7 Rxa7 53. Rxa7 Nd5 54. hxg5+ hxg5 55. Ne5 Ne7 56. Nd7+ Kf7 57. Nxb6
Kf6 58. c7 Re8 59. c8=Q Nxc8 60. Nxc8 Rxc8 61. b6 Rc1+ 62. Bf1 Rb1 63. b7 e5
64. Ra8 Bc4 65. b8=Q Rxf1+ 66. Kg2 Re1 67. Qd6+ Be6 68. Rf8+ Kg7 69. Qe7+
{Black forfeits on time}
1-0

[Event "ICC Open 2015"]
[Site "Internet Chess Club"]
[Date "2015.05.29"]
[Round "3"]
[White "KingsServant"]
[Black "Irenaeus"]
[Result "0-1"]
[ICCResult "White forfeits on time"]
[WhiteElo "1493"]
[BlackElo "1814"]
[Opening "Scotch game"]
[ECO "C45"]
[NIC "SO.04"]
[Time "19:35:33"]
[TimeControl "180+0"]

1. e4 e5 2. Nf3 Nc6 3. d4 exd4 4. Nxd4 Bb4+ 5. c3 Bc5 6. Be3 Bb6 7. Bd3 Nf6
8. O-O O-O 9. Re1 Re8 10. Nxc6 dxc6 11. Qc2 Ng4 12. Bxb6 axb6 13. f3 Ne5 14.
Bf1 Qg5 15. Qf2 Qg6 16. Nd2 Be6 17. f4 Ng4 18. Qg3 f5 19. exf5 Bxf5 20. Nf3
Rxe1 21. Rxe1 Rxa2 22. b4 b5 23. Nd4 Nf6 24. Nxf5 Qxf5 25. Bd3 Qd5 26. h3
Rd2 27. Bf1 Rd1 28. Qe3 Rxe1 29. Qxe1 Qe4 30. Qxe4 Nxe4 31. c4 bxc4 32.
Bxc4+ Kf8 33. Kf1 Nd2+ 34. Ke2 Nxc4 35. Kd3 Nd6 36. Kd4 Ke7 37. Ke5 Nc4+ 38.
Kf5 Ne3+ 39. Kg5 Nxg2 40. h4 Nxf4 41. Kxf4 b6 42. Ke5 c5 43. Kd5 cxb4 44.
Kc4 c5 45. Kb5 Kf6 46. Kc4 b3 47. Kxb3 Kf5 48. Kc3 Kg4 49. Kd3 Kxh4 50. Ke3
g5 51. Kf3 g4+ 52. Ke3 g3 53. Kf3 g2 54. Kf2 c4 55. Kxg2 c3 56. Kf2 c2 57.
Ke2 c1=Q 58. Kf3 Qc3+ 59. Ke4 Qe5+ {White forfeits on time} 0-1

[Event "ICC Open 2015"]
[Site "Internet Chess Club"]
[Date "2015.05.29"]
[Round "3"]
[White "BlueGreen"]
[Black "achessman"]
[Result "0-1"]
[ICCResult "White resigns"]
[WhiteElo "2642"]
[BlackElo "1950"]
[Opening "Petrov: Nimzovich attack"]
[ECO "C42"]
[NIC "RG.03"]
[Time "19:36:43"]
[TimeControl "180+0"]

1. e4 e5 2. Nf3 Nf6 3. Nxe5 d6 4. Nf3 Nxe4 5. Nc3 Nxc3 6. dxc3 Be7 7. Bf4
O-O 8. Qd2 Nd7 9. O-O-O Re8 10. h4 Nc5 11. h5 Ne6 12. Be3 Bd7 13. g4 Bc6 14.
Bg2 Ng5 15. Bxg5 Bxg5 16. Nxg5 Bxg2 17. Rhe1 Qf6 18. f4 h6 19. Qxg2 hxg5 20.
f5 c6 21. c4 Re5 22. Qd2 Rae8 23. Rxe5 Qxe5 24. Qxd6 Qe3+ 25. Qd2 Qe4 26.
Qd4 Qf3 27. b3 Re4 28. Qd8+ Kh7 29. h6 gxh6 30. Rd7 Kg7 31. Rd3 Qxg4 32. f6+
Kh7 33. Kb2 Qe6 34. a4 Rf4 35. Qe7 Qxf6+ 36. Qxf6 Rxf6 37. Rd7 g4 38. Kc1 g3
39. Rd2 h5 40. Kd1 h4 41. Rd4 Rh6 42. Ke2 h3 {White resigns} 0-1

[Event "ICC Open 2015"]
[Site "Internet Chess Club"]
[Date "2015.05.29"]
[Round "3"]
[White "siso"]
[Black "capatal1"]
[Result "1-0"]
[ICCResult "Black forfeits on time"]
[WhiteElo "1674"]
[BlackElo "1476"]
[Opening "Sicilian, Chekhover variation"]
[ECO "B53"]
[NIC "SI.02"]
[Time "19:35:58"]
[TimeControl "180+0"]

1. e4 c5 2. Nf3 d6 3. d4 cxd4 4. Qxd4 Nc6 5. Bb5 Bd7 6. Bxc6 Bxc6 7. c4 Nf6
8. Nc3 a6 9. O-O g6 10. Bg5 Bg7 11. Qd3 h6 12. Bh4 g5 13. Bg3 O-O 14. Rac1
Rc8 15. Nd5 Nxd5 16. cxd5 Bd7 17. Rxc8 Qxc8 18. b3 f5 19. exf5 Bxf5 20. Qe3
Qd7 21. Re1 Bf6 22. Nd4 Bxd4 23. Qxd4 Rf7 24. h4 g4 25. Bf4 h5 26. Bg5 e5
27. dxe6 Bxe6 28. Rd1 d5 29. Re1 Bf5 30. Re5 Bg6 31. Rxd5 Qe6 32. Rd8+ Rf8
33. Rxf8+ Kxf8 34. Qh8+ Kf7 35. Qb8 Qe1+ 36. Kh2 Qxf2 37. Qxb7+ Kg8 38. Qc8+
Qf8 39. Qe6+ Qf7 40. Qc8+ Qf8 41. Qe6+ Qf7 42. Qxf7+ Kxf7 43. a3 Ke6 44. b4
Kd5 45. Kg3 Kc4 46. Bc1 Kb3 47. Kf4 Kc2 48. Be3 Be8 49. Kg5 Kb3 50. Bc1 Kc2
51. Be3 Kb3 52. Bc5 Kxa3 53. g3 {Black forfeits on time} 1-0

[Event "ICC Open 2015"]
[Site "Internet Chess Club"]
[Date "2015.05.29"]
[Round "3"]
[White "chigamaster"]
[Black "BigSerge"]
[Result "1-0"]
[ICCResult "Black forfeits on time"]
[WhiteElo "2887"]
[BlackElo "1950"]
[Opening "Bird: From gambit, Lasker variation"]
[ECO "A02"]
[NIC "VO.07"]
[Time "19:35:22"]
[TimeControl "180+0"]

1. f4 e5 2. fxe5 d6 3. exd6 Bxd6 4. Nf3 g5 5. g3 g4 6. Nh4 Ne7 7. d4 Ng6 8.
Nxg6 hxg6 9. Qd3 Qe7 10. e4 Nc6 11. c3 Bd7 12. Bg2 O-O-O 13. Be3 f5 14. Nd2
Rxh2 15. Rxh2 Bxg3+ 16. Bf2 Bxh2 17. O-O-O f4 18. e5 f3 19. Nxf3 gxf3 20.
Bxf3 Qg5+ 21. Be3 Bf4 22. Re1 Bf5 23. Qd2 Nxe5 24. Bxf4 Qxf4 25. Qxf4 Nd3+
26. Kd2 Nxf4 27. Re7 c6 28. Rg7 Rh8 29. Ke3 Nd5+ 30. Bxd5 cxd5 31. Kf4 Be4
32. Ke5 a6 33. Kd6 Kb8 34. a4 Ka7 35. Rc7 Rd8+ 36. Ke5 Rg8 37. Kf4 g5+ 38.
Kg4 Bc2 39. a5 Bd1+ 40. Kg3 g4 41. Rd7 Bf3 42. Re7 Rh8 43. b3 Rh3+ 44. Kf4
Bd1 45. c4 dxc4 46. bxc4 g3 47. Rg7 Rh4+ 48. Kxg3 Rxd4 49. c5 Rd5 50. c6 Rb5
51. Kf4 Kb8 52. c7+ Kc8 53. Ke4 Bb3 54. Kd4 Be6 55. Rh7 Bd7 56. Rh8+ Kxc7
57. Rh7 Rxa5 58. Kc3 Ra4 59. Kb3 Ra5 60. Rh6 Rb5+ 61. Kc4 Bc6 62. Rh7+ Kb6
63. Rh8 Rg5 64. Rh6 Rg4+ 65. Kd3 Rg5 66. Ke2 Rg3 67. Kf2 Ra3 68. Rd6 a5 69.
Rd4 Ra2+ 70. Ke3 a4 71. Rd3 {Black forfeits on time} 1-0

[Event "ICC Open 2015"]
[Site "Internet Chess Club"]
[Date "2015.05.29"]
[Round "3"]
[White "chessrex"]
[Black "Kiborg95"]
[Result "0-1"]
[ICCResult "White forfeits on time"]
[WhiteElo "2106"]
[BlackElo "2836"]
[Opening "Pirc defense"]
[ECO "B07"]
[NIC "PU.08"]
[Time "19:35:55"]
[TimeControl "180+0"]

1. d4 d6 2. e4 Nf6 3. Nc3 e5 4. d5 Be7 5. Be3 Ng4 6. Bd2 Bg5 7. Nf3 Bxd2+ 8.
Qxd2 O-O 9. h3 Nf6 10. O-O-O Nbd7 11. g4 Nc5 12. Bd3 a6 13. g5 Nh5 14. Nh4
Nf4 15. Rdg1 f5 16. gxf6 Qxf6 17. Nf5 Ncxd3+ 18. cxd3 Bxf5 19. exf5 Qxf5 20.
Ne4 Nxd5 21. Rg5 Qf4 22. Rhg1 Qxd2+ 23. Kxd2 Rf7 24. h4 Kh8 25. h5 Nf4 26.
R1g3 h6 27. R5g4 Nxh5 28. Rh3 Nf6 29. Nxf6 Rxf6 30. Ke3 Raf8 31. f3 Rf4 32.
Rg1 R8f6 33. Rc1 c5 34. a3 a5 35. Rc3 a4 36. b3 b5 37. bxa4 Rxa4 38. Rh1
Raf4 39. Rh3 g5 40. Rb3 b4 41. axb4 cxb4 42. Rb2 Kg7 43. Rbh2 d5 44. Rc2 b3
45. Rc7+ Rf7 46. Rc6 R4f6 47. Rc5 Rb7 48. Rh1 b2 49. Rb1 Ra6 50. Kd2 Ra1 51.
Kc2 Rxb1 52. Kxb1 Kf6 53. Rxd5 h5 54. Rd6+ Kf5 55. Rh6 h4 56. Rh8 Kf4 57.
Rf8+ Ke3 58. Rf5 h3 59. Rxg5 Kxf3 60. Rxe5 h2 61. Rh5 Kg2 62. Rg5+ Kf2 63.
Rh5 Kg1 64. Rg5+ Kh1 65. d4 Rf7 66. d5 Rf1+ 67. Kxb2 Rg1 68. Rh5 Rg2+ 69.
Kc3 Kg1 70. d6 h1=Q {White forfeits on time} 0-1

[Event "ICC Open 2015"]
[Site "Internet Chess Club"]
[Date "2015.05.29"]
[Round "3"]
[White "kevinice"]
[Black "Anneay"]
[Result "1-0"]
[ICCResult "Black forfeits on time"]
[WhiteElo "1920"]
[BlackElo "2490"]
[Opening "Grünfeld: Three knights variation"]
[ECO "D90"]
[NIC "GI.07"]
[Time "19:35:43"]
[TimeControl "180+0"]

1. d4 Nf6 2. c4 g6 3. Nc3 d5 4. Nf3 Bg7 5. h4 c6 6. Bg5 dxc4 7. Bxf6 exf6 8.
h5 O-O 9. h6 Bh8 10. Qd2 Bg4 11. e3 b5 12. a4 Qa5 13. Be2 Nd7 14. Ne4 Qc7
15. axb5 cxb5 16. Qb4 a6 17. Rh4 f5 18. Nc3 Bf6 19. Nd5 Qd8 20. Rh1 Nb6 21.
Nxf6+ Qxf6 22. Ng1 Bxe2 23. Nxe2 Nd5 24. Qd2 b4 25. Ra5 Rfd8 26. Qc1 Qb6 27.
Rc5 c3 28. bxc3 b3 29. Qb2 a5 30. c4 a4 31. Rb5 Nb4 32. Kd2 Qd6 33. c5 Qc6
34. Rxb4 Qxc5 35. Qc3 Qd5 36. Nf4 Qe4 37. Nd3 Rdc8 38. Rc4 Rxc4 39. Qxc4
Qxg2 40. Rb1 Qf3 41. d5 Rd8 42. Qd4 Kf8 43. d6 Ke8 44. Qe5+ Kd7 45. Qe7+ Kc6
46. Rc1+ Kb5 47. Rc5+ {Black forfeits on time} 1-0

[Event "ICC Open 2015"]
[Site "Internet Chess Club"]
[Date "2015.05.29"]
[Round "3"]
[White "Qualm"]
[Black "brizito"]
[Result "0-1"]
[ICCResult "White forfeits on time"]
[WhiteElo "1671"]
[BlackElo "1555"]
[Opening "Sicilian: closed, 2...Nc6"]
[ECO "B23"]
[NIC "SI.44"]
[Time "19:35:34"]
[TimeControl "180+0"]

1. e4 c5 2. Nc3 Nc6 3. Nf3 e6 4. Bb5 a6 5. Bxc6 bxc6 6. b3 d5 7. O-O Nf6 8.
e5 Nd7 9. Re1 Be7 10. d3 O-O 11. Bf4 Qc7 12. Ng5 h6 13. Nf3 a5 14. Bg3 Bb7
15. h3 Rfd8 16. d4 cxd4 17. Qxd4 Rab8 18. Qg4 Ba6 19. Bf4 Kh7 20. Qh5 Rf8
21. Ne2 Bb4 22. c3 Bxe2 23. Rxe2 Bxc3 24. Rc1 Bb4 25. g4 Nf6 26. Qh4 Ne4 27.
g5 Be7 28. Kh1 Rb4 29. Qh5 Qb6 30. Be3 Qb5 31. gxh6 g6 32. Qg4 Nc3 33. Ng5+
Bxg5 34. Rd2 Bxe3 35. fxe3 Ne4 36. Rg2 Rxb3 37. Rd1 Rb2 38. Rxb2 Qxb2 39.
Rf1 Nf2+ {White forfeits on time} 0-1

[Event "ICC Open 2015"]
[Site "Internet Chess Club"]
[Date "2015.05.29"]
[Round "3"]
[White "Cinzento"]
[Black "ChenRichard"]
[Result "0-1"]
[ICCResult "White forfeits on time"]
[WhiteElo "1757"]
[BlackElo "2308"]
[Opening "French: King's Indian attack"]
[ECO "C00"]
[NIC "FR.02"]
[Time "19:35:52"]
[TimeControl "180+0"]

1. e4 e6 2. d3 d5 3. Nd2 c5 4. Ngf3 Nc6 5. g3 Nge7 6. Bg2 g6 7. O-O Bg7 8.
Nh4 O-O 9. f4 dxe4 10. dxe4 f5 11. Nhf3 Nd4 12. e5 Nec6 13. Nc4 Rf7 14. c3
Nxf3+ 15. Bxf3 Rd7 16. Qe2 Qc7 17. Be3 Nd8 18. Rfd1 Rb8 19. Nd6 Bf8 20. Ne8
Rxd1+ 21. Rxd1 Qe7 22. Qd3 Nf7 23. Nf6+ Kg7 24. Qb5 b6 25. Bc6 a6 26. Qd3
Bb7 27. Bxb7 Rxb7 28. a4 b5 29. axb5 axb5 30. Qe2 h6 31. Qf2 Kh8 32. Qf3 Nd8
33. Rd6 Bg7 34. Qd1 Nf7 35. Rc6 Bxf6 36. Rc8+ Kg7 37. exf6+ Qxf6 38. Bxc5 e5
39. fxe5 Nxe5 40. Bd4 Rd7 41. Qe2 Re7 42. Qd1 Kf7 43. Rc5 Qd6 44. Qe2 Nc4
45. Qf2 Qe6 46. Kg2 Qe4+ 47. Qf3 Qc2+ 48. Bf2 Ne3+ 49. Kh3 Ng4 50. Bg1 g5
51. Qd5+ Kg6 52. Qd6+ Kh5 53. Qxe7 Qf2 {White forfeits on time} 0-1

[Event "ICC Open 2015"]
[Site "Internet Chess Club"]
[Date "2015.05.29"]
[Round "3"]
[White "RLH2"]
[Black "QiWang"]
[Result "1-0"]
[ICCResult "Black forfeits on time"]
[WhiteElo "2877"]
[BlackElo "1917"]
[Opening "Nimzovich-Larsen attack: classical variation"]
[ECO "A01"]
[NIC "VO.08"]
[Time "19:35:51"]
[TimeControl "180+0"]

1. b3 d5 2. Bb2 c5 3. Nf3 Nc6 4. e3 a6 5. Be2 Qc7 6. c4 dxc4 7. bxc4 Nf6 8.
Nc3 e6 9. O-O Be7 10. Rb1 O-O 11. Na4 Rb8 12. Nb6 Qxb6 13. Bxf6 Qc7 14. Ba1
b6 15. Qc2 e5 16. d4 exd4 17. exd4 cxd4 18. Nxd4 Nxd4 19. Bxd4 Bc5 20. Ba1
Be6 21. Bd3 h6 22. Qc3 f6 23. Qc2 Kh8 24. Rbe1 Bg8 25. Re4 Bh7 26. Rh4 Bxd3
27. Qxd3 Rbd8 28. Qc2 Qf7 29. h3 Rd7 30. Bc3 Rfd8 31. Qe4 a5 32. Rf4 Qe7 33.
Qg6 Bd4 34. Re4 Qf8 35. Bxd4 Rxd4 36. Rxd4 Rxd4 37. Re1 Rd8 38. Re6 Qc5 39.
Qf7 Qf5 40. Re1 Rd2 41. Rf1 Rxa2 42. c5 Rb2 43. c6 Rc2 44. c7 Kh7 45. g4 Qc5
46. Qe6 Qxc7 47. Qe4+ Kg8 48. Qe8+ Kh7 49. Qe4+ Kg8 50. Qe6+ Kh7 51. Qe4+
Kg8 52. Qd5+ Kh7 53. Qd3+ Kg8 54. h4 Rc1 55. Rxc1 Qxc1+ 56. Kg2 Qc5 57. Qd8+
Kh7 58. Qd3+ g6 59. h5 Qc6+ 60. Kh2 f5 61. Qd8 Qe4 62. Qe7+ Qxe7 63. hxg6+
Kxg6 64. gxf5+ Kxf5 65. Kg2 Qg5+ 66. Kf1 Qf4 67. Kg2 {Black forfeits on
time} 1-0

[Event "ICC Open 2015"]
[Site "Internet Chess Club"]
[Date "2015.05.29"]
[Round "3"]
[White "rynos0411"]
[Black "MythBulletChess"]
[Result "1-0"]
[ICCResult "Black forfeits on time"]
[WhiteElo "1684"]
[BlackElo "1543"]
[Opening "QGD semi-Slav"]
[ECO "D43"]
[NIC "QI.01"]
[Time "19:35:47"]
[TimeControl "180+0"]

1. d4 Nf6 2. Nf3 e6 3. c4 c6 4. Nc3 d5 5. Bg5 Be7 6. e3 h6 7. Bh4 g5 8. Bg3
Nbd7 9. Be2 Nf8 10. Qc2 Ng6 11. h4 g4 12. Ne5 h5 13. Nxg6 fxg6 14. Qxg6+ Kf8
15. Be5 Qe8 16. Qc2 Qf7 17. cxd5 cxd5 18. Nb5 Bd7 19. Nd6 Bxd6 20. Bxd6+ Kg7
21. Be5 Rac8 22. Qd2 Qg6 23. O-O g3 24. fxg3 Rhf8 25. Rxf6 Rxf6 26. Rf1 Rf8
27. Qb4 Bc6 28. Qe7+ Qf7 29. Bxf6+ Kg8 30. Qxf7+ Rxf7 31. Bxh5 Rh7 32. Bg6
{Black forfeits on time}
1-0

[Event "ICC Open 2015"]
[Site "Internet Chess Club"]
[Date "2015.05.29"]
[Round "3"]
[White "UzbekTiger"]
[Black "MichaelBluth"]
[Result "0-1"]
[ICCResult "White checkmated"]
[WhiteElo "2798"]
[BlackElo "2318"]
[Opening "QGD: Tarrasch defense"]
[ECO "D32"]
[NIC "TD.10"]
[Time "19:35:02"]
[TimeControl "180+0"]

1. d4 d5 2. c4 e6 3. Nc3 c5 4. e3 Nf6 5. Nf3 a6 6. cxd5 Nxd5 7. Be2 Nc6 8.
O-O Nxc3 9. bxc3 b5 10. a4 b4 11. dxc5 Bxc5 12. Qxd8+ Nxd8 13. cxb4 Bxb4 14.
Bb2 O-O 15. Ne5 Bb7 16. Rab1 a5 17. Bb5 Ba6 18. Nd3 Bxb5 19. axb5 Rb8 20.
Nxb4 axb4 21. Be5 Rxb5 22. Bd6 Re8 23. Bxb4 Nc6 24. Bc3 Rxb1 25. Rxb1 h6 26.
g3 Ne7 27. e4 Rc8 28. Bd2 Rc2 29. Be3 f6 30. Rb7 Kf7 31. Kg2 Rc4 32. Kf3 Rc2
33. h4 Rc4 34. Ke2 Rc8 35. Kd3 Rd8+ 36. Kc4 Rc8+ 37. Bc5 Re8 38. h5 e5 39.
f4 Ke6 40. f5+ Kf7 41. Kb5 Kf8 42. g4 Kf7 43. Bd6 Kf8 44. Kb6 Kf7 45. Bb4
Kf8 46. Kc7 Kf7 47. Kb6 Kf8 48. Rd7 Rb8+ 49. Ka5 Ra8+ 50. Kb5 Rb8+ 51. Kc5
Rc8+ 52. Kb6 Rb8+ 53. Ka5 Ra8+ 54. Kb5 Rb8+ 55. Kc4 Rc8+ 56. Bc5 Re8 57. Kb5
Kf7 58. Kb6 Rb8+ 59. Ka7 Re8 60. Kb7 Kf8 61. Bd6 Kf7 62. Ba3 Kf8 63. Rxe7
Rxe7+ 64. Kc8 Ke8 65. Bxe7 Kxe7 66. Kc7 Ke8 67. Kd6 Kf7 68. Kd7 Kf8 69. Ke6
Ke8 70. Kd6 Kf8 71. Kc6 Ke7 72. Kc7 Ke8 73. Kd6 Kf8 74. Kd5 Ke7 75. Kc5 Kd7
76. Kb5 Kc7 77. Kb4 Kc6 78. Kc4 Kd6 79. Kb5 Kd7 80. Kb6 Kd6 81. Kb7 Kd7 82.
Ka6 Kc6 83. Ka5 Kc5 84. Ka6 Kd4 85. Kb6 Kxe4 86. g5 fxg5 87. f6 gxf6 88. Kc5
g4 89. Kd6 g3 90. Ke6 g2 91. Kxf6 g1=Q 92. Kf7 Qh1 93. Kg7 Kf4 94. Kh7 Qxh5
95. Kg7 e4 96. Kf6 e3 97. Ke6 e2 98. Kd6 e1=Q 99. Kc6 Qh2 100. Kb7 Qhd2 101.
Ka6 Qec1 102. Kb7 Qdb2+ 103. Ka8 Qca1# {White checkmated} 0-1

[Event "ICC Open 2015"]
[Site "Internet Chess Club"]
[Date "2015.05.29"]
[Round "3"]
[White "Ashtanga"]
[Black "Schack"]
[Result "0-1"]
[ICCResult "White forfeits on time"]
[WhiteElo "1447"]
[BlackElo "1637"]
[Opening "QGD Slav defense"]
[ECO "D10"]
[NIC "SL.01"]
[Time "19:35:53"]
[TimeControl "180+0"]

1. d4 d5 2. c4 c6 3. Nc3 Nf6 4. e3 g6 5. Nf3 Bg7 6. Be2 O-O 7. O-O dxc4 8.
Bxc4 Bg4 9. h3 Bxf3 10. Qxf3 Nbd7 11. Re1 e5 12. Bb3 exd4 13. exd4 Nb6 14.
Bg5 a5 15. Rad1 a4 16. Bc2 Nbd5 17. Ne4 h6 18. Bh4 g5 19. Nxf6+ Nxf6 20. Bg3
Qd5 21. Qd3 Rfe8 22. Be5 Rad8 23. Bxf6 Bxf6 24. Qh7+ Kf8 25. Qxh6+ Bg7 26.
Qh7 Rxe1+ 27. Rxe1 Qxd4 28. Rd1 Qf6 29. Re1 Qxb2 30. Qe4 Qf6 31. Re2 Qd6 32.
Bxa4 b5 33. Bc2 Be5 34. Re1 Bc3 35. Rd1 Bd4 36. Kh1 c5 37. Qh7 Qf6 38. f3
Re8 39. Be4 Re6 40. Rb1 Rb6 41. a4 b4 42. a5 Ra6 43. Re1 Rxa5 44. Bd5 Ra1
45. Rxa1 Bxa1 46. Qc2 Bd4 47. Qa4 Qb6 48. Qa8+ Kg7 49. Qc8 b3 50. Qf5 Qf6
51. Qxf6+ Kxf6 52. Bxb3 Ke5 53. Bc4 Kf4 54. g3+ Kxg3 55. Bxf7 Kxf3 56. Bc4
Kg3 57. Be6 Be3 58. Bd7 c4 59. Be6 c3 60. Bf5 Bf4 61. Bc2 Kxh3 62. Bd3 Kg3
63. Bc2 Kf3 64. Kg1 Ke3 65. Kh1 Kd2 66. Bg6 c2 67. Bxc2 Kxc2 68. Kg2 Kd3 69.
Kf3 Kd4 70. Kg4 Kd3 71. Kh3 Ke4 72. Kg2 Kf5 73. Kh1 g4 74. Kg2 Ke4 75. Kh1
Be3 76. Kg2 Kf4 77. Kf1 Kf3 {White forfeits on time} 0-1